Cogmind - Beta 15 @@@ ROGUE MODE // 2025.07.02 @ 06:51:48 Player: Carpathian Result: Self-destructed Performance ------------- Evolutions (1) 500 Regions Visited (3) 600 Robots Destroyed (18) 90 Value Destroyed (380) 380 Prototype IDs (0) 0 Alien Tech Used (0) 0 Bonus (0) 0 TOTAL SCORE: 1570 Bonus ------- None Cogmind --------- Core Integrity 58/400 Matter 226/300 Energy 63/100 System Corruption 0% Temperature Cool (18) Movement Core (350) Ox6 Location -9/Mines Parts ------- > --- POWER (1) -------- (None) > --- PROPULSION (2) --- (None) > --- UTILITY (4) ------ Large Storage Unit Visual Processing Unit Targeting Computer > --- WEAPON (2) ------- (None) > --- INVENTORY (15) --- Light Ion Engine Light Ion Engine Mining Laser Peak State ------------ > --- POWER ------------ Ion Engine > --- PROPULSION ------- Light Treads Light Treads > --- UTILITY ---------- Large Storage Unit Visual Processing Unit Targeting Computer Light Armor Plating > --- WEAPON ----------- Beam Cannon Heavy Assault Rifle > --- INVENTORY -------- Light Ion Engine Light Ion Engine Medium Laser Grenade Launcher [Rating: 11] Favorites ----------- Power Ion Engine Engine Ion Engine Propulsion Light Treads Treads Light Treads Utility Targeting Computer Storage Small Storage Unit Processor Targeting Computer Protection Light Armor Plating Weapon Beam Cannon Energy Gun Small Laser Energy Cannon Beam Cannon Ballistic Gun Assault Rifle Launcher Grenade Launcher Build | -11 -10 -9 -9 ------- Run | Yrd Mat Mat Min Slots Evolved 2 | . . 2 . Power . | . . . . Propulsion . | . . . . Utility 2 | . . 2 . Weapon . | . . . . Parts Attached 18 | 6 2 8 2 Power 2 | 1 . 1 . Engine 2 | 1 . 1 . Core . | . . . . Reactor . | . . . . Propulsion 4 | 2 . 2 . Treads 4 | 2 . 2 . Leg . | . . . . Wheel . | . . . . Hover . | . . . . Flight . | . . . . Utility 6 | 1 1 4 . Device . | . . . . Storage 2 | 1 . 1 . Processor 2 | . 1 1 . Hackware . | . . . . Protection 2 | . . 2 . Artifact . | . . . . Weapon 6 | 2 1 1 2 Energy Gun 2 | 1 . . 1 Energy Cannon 1 | . 1 . . Ballistic Gun 2 | 1 . 1 . Ballistic Cannon . | . . . . Launcher 1 | . . . 1 Special Weapon . | . . . . Impact Weapon . | . . . . Slashing Weapon . | . . . . Piercing Weapon . | . . . . Special Melee Weapon . | . . . . Unidentified Prototypes . | . . . . Parts Lost 10 | . . 2 8 Power 1 | . . . 1 Propulsion 3 | . . 1 2 Utility 2 | . . 1 1 Weapon 4 | . . . 4 Highest Loss Streak 8 | . . 1 8 To Critical Strikes 1 | . . 1 . Average Backups 3 | 1 3 4 4 Power 1 | . 1 2 2 Propulsion . | . . . . Utility . | . . . . Weapon 1 | . . 1 2 Tool/Special . | . . . . Unused Backups 2 | . . . 2 Power 2 | . . . 2 Propulsion . | . . . . Utility . | . . . . Weapon . | . . . . Tool/Special . | . . . . Average Slot Usage (%) 91 | . 95 87 96 Engine 11 | . 14 11 10 Treads 23 | . 27 21 22 Storage 12 | . 14 11 11 Processor 13 | . 11 11 22 Protection 6 | . . 10 9 Energy Gun 4 | . 11 . . Energy Cannon 7 | . 2 11 8 Ballistic Gun 11 | . 13 11 10 Peak Build Rating 11 | 6 7 11 11 Average Rating 8 | 4 6 8 10 On Entrance 6 | . 6 7 11 Naked Turns . | . . . . Heaviest Build 34 | 13 15 34 34 Greatest Support 40 | 40 40 40 40 Greatest Overweight (x) 1 | . . 1 . Average Overweight (x) . | . . . . Largest Inventory Capacity 15 | 8 8 15 15 Average Capacity 10 | 7 8 12 15 Most Carried 6 | 5 5 6 5 Average Carried 4 | 1 3 4 4 Final Capacity 15 | 8 8 15 15 Final Carried 5 | 1 5 5 3 Class Distribution -------------------- 100% | Mutant Dominant Class ---------------- Mutant | -10/Materials Mutant | -9/Materials Mutant | -9/Mines Resources | -11 -10 -9 -9 ----------- Run | Yrd Mat Mat Min Matter Collected 515 | 201 26 288 . Remotely . | . . . . Salvage Created 517 | . 130 369 18 Parts 39 | . 11 28 . Haulers Intercepted . | . . . . Recyclers Shooed 2 | . . 2 . Parts Field Recycled . | . . . . Retrieved Matter . | . . . . Parts Self-Destructed . | . . . . Prevented . | . . . . Kills | -11 -10 -9 -9 ------- Run | Yrd Mat Mat Min Combat Hostiles Destroyed 22 | . 5 11 6 Guns 9 | . 5 4 . Cannons 7 | . . 7 . AOE 6 | . . . 6 Classes Destroyed 6 | . 2 3 1 Worker 1 | . . 1 . Watcher 1 | . . 1 . Swarmer 9 | . 3 6 . Grunt 5 | . 2 3 . Sentry 2 | . . 2 . Assembled 6 | . . . 6 Best Kill Streak 6 | . 3 4 6 Combat Bots Only 6 | . 3 4 6 Max Kills in Single Turn 3 | . 1 1 3 Gunslinging . | . . . . Exploded 3 | . . . 3 Melee . | . . . . Uniques/NPCs Destroyed . | . . . . Combat | -11 -10 -9 -9 -------- Run | Yrd Mat Mat Min Hostile Shots Fired 167 | . 19 78 70 Missed 46 | . 8 16 22 Hits 121 | . 11 62 48 Melee 7 | . . . 7 Projectile 114 | . 11 62 41 Critical Strikes 4 | . . 2 2 Damage Taken 1614 | . 92 623 899 Core 353 | . 11 94 248 Absorbed by Shields . | . . . . Core Remaining (%) 97 | 100 95 . . Volleys Fired 59 | . 9 40 10 Largest 2 | . 2 2 2 Hottest 110 | . 60 83 110 Shots Fired 111 | . 13 80 18 Gun 63 | . 13 40 10 Cannon 42 | . . 40 2 Launcher 6 | . . . 6 Special . | . . . . Kinetic 53 | . 5 40 8 Thermal 52 | . 8 40 4 Explosive 6 | . . . 6 Electromagnetic . | . . . . Robot Hit Streak 14 | . 5 14 7 Robot Miss Streak 4 | . 3 4 1 Penetration Max . | . . . . Secondary Targets . | . . . . Shots Hit Robots 63 | . 8 48 7 Core Hits 44 | . 7 17 20 Critical Kills . | . . . . Critical Parts Destroyed . | . . . . Critical Strikes . | . . . . Melee Attacks . | . . . . Impact . | . . . . Slashing . | . . . . Piercing . | . . . . Sneak Attacks . | . . . . Combat Hostiles . | . . . . Follow-up Attacks . | . . . . Damage Inflicted 1571 | . 88 776 707 Guns 452 | . 88 339 25 Cannons 472 | . . 437 35 Explosions 647 | . . . 647 Melee . | . . . . Ramming . | . . . . Kinetic 376 | . 24 339 13 Thermal 548 | . 64 437 47 Explosive 647 | . . . 647 Electromagnetic . | . . . . Impact . | . . . . Slashing . | . . . . Piercing . | . . . . Highest Corruption . | . . . . Average Corruption . | . . . . Corruption Purged . | . . . . Corruption Blocked . | . . . . Overload Shots . | . . . . Overflow Damage 24 | . . . 24 Projectiles . | . . . . Explosions 24 | . . . 24 Melee . | . . . . Knockbacks . | . . . . Impact . | . . . . Kinetic . | . . . . Secondary . | . . . . Self-Inflicted Damage 75 | . . . 75 Shots 2 | . . . 2 Rammed . | . . . . Targets Rammed . | . . . . Kicked . | . . . . Crushed . | . . . . Highest Temperature 207 | . 12 207 24 Average Temperature 61 | . 10 66 14 Received Heat Transfer 153 | . 18 135 . Siege Activations . | . . . . Martial Activations . | . . . . Shielding Activations . | . . . . Robots Disrupted . | . . . . Combat Hostiles . | . . . . Robots Corrupted . | . . . . Combat Hostiles . | . . . . Parts Fried . | . . . . Impact Corruptions . | . . . . Robots Melted . | . . . . Combat Hostiles . | . . . . Parts Melted 2 | . . 2 . Heat Transferred 1186 | . 150 925 111 Parts Sabotaged . | . . . . Parts Stolen . | . . . . Parts Stripped . | . . . . Power Chain Reactions . | . . . . Alert | -11 -10 -9 -9 ------- Run | Yrd Mat Mat Min Maximum Alert Level . | . . . . Low Security (%) 100 | 100 100 100 100 Level 1 . | . . . . Level 2 . | . . . . Level 3 . | . . . . Level 4 . | . . . . Level 5 . | . . . . High Security . | . . . . Max Security . | . . . . Peak Influence 131 | . 95 131 44 Initial 44 | . . 14 44 Average 34 | . 39 42 17 Influence Increases 438 | . 135 276 27 Destroy 0b10 Robot/C 320 | . 100 220 . Destroy 0b10 Robot/NC 10 | . . 10 . Destroy Leader 62 | . 20 42 . Destroy Structure 31 | . . 4 27 Partial Spotted 15 | . 15 . . Influence Decreases 438 | . 100 196 142 Entered New Map 92 | . . 21 71 Time Decay 299 | . 100 155 44 Lost Part 47 | . . 20 27 Squads Dispatched 2 | . 1 . 1 Investigation . | . . . . Extermination . | . . . . Reinforcement 2 | . 1 . 1 Assault . | . . . . Garrison . | . . . . Intercept . | . . . . Searches Triggered . | . . . . Construction Impeded 1 | . . . 1 Haulers Reinforced . | . . . . Active Scanning Responses . | . . . . Cargo Convoy Interrupts . | . . . . Stealth | -11 -10 -9 -9 --------- Run | Yrd Mat Mat Min Distress Signals 3 | . . 3 . Communications Jammed . | . . . . Distress Signals . | . . . . Times Spotted 43 | . 6 15 22 Peak Tracking Total 13 | . 3 4 13 Tactical Retreats 1 | . . . 1 Traps | -11 -10 -9 -9 ------- Run | Yrd Mat Mat Min Traps Triggered 1 | . 1 . . Indirectly . | . . . . Trap Hack Attempts . | . . . . Triggered . | . . . . Disarmed . | . . . . Reprogrammed . | . . . . Reused . | . . . . Traps Extracted . | . . . . Installed . | . . . . Triggered . | . . . . Machines | -11 -10 -9 -9 ---------- Run | Yrd Mat Mat Min Machines Disabled . | . . . . Max in Single Turn . | . . . . Machines Repaired . | . . . . Machines Dismantled . | . . . . Machines Sabotaged . | . . . . Overloaded Fab Kills . | . . . . Hacking | -11 -10 -9 -9 --------- Run | Yrd Mat Mat Min Machines Accessed . | . . . . Terminals . | . . . . Fabricators . | . . . . Repair Stations . | . . . . Recycling Units . | . . . . Scanalyzers . | . . . . Garrison Access . | . . . . Total Hacks . | . . . . Successful . | . . . . Failed . | . . . . Catastrophic . | . . . . Database Lockouts . | . . . . Manual . | . . . . Terminals . | . . . . Fabricators . | . . . . Repair Stations . | . . . . Recycling Units . | . . . . Scanalyzers . | . . . . Garrison Access . | . . . . Terminal Hacks . | . . . . Fabricator Hacks . | . . . . Repair Station Hacks . | . . . . Recycling Unit Hacks . | . . . . Scanalyzer . | . . . . Garrison Access Hacks . | . . . . Unauthorized Hacks . | . . . . Terminals . | . . . . Fabricators . | . . . . Repair Stations . | . . . . Recycling Units . | . . . . Scanalyzers . | . . . . Garrison Access . | . . . . Data Cores Recovered . | . . . . Used . | . . . . Hacking Detections . | . . . . Full Trace Events . | . . . . Feedback Events . | . . . . Feedback Blocked . | . . . . Robot Schematics Acquired . | . . . . Robots Built . | . . . . Authchips . | . . . . Time . | . . . . Total Robot Build Rating . | . . . . Part Schematics Acquired . | . . . . Parts Built . | . . . . Authchips . | . . . . Time . | . . . . Total Part Build Rating . | . . . . Parts Repaired . | . . . . Time . | . . . . Parts Recycled . | . . . . Recycled Matter . | . . . . Retrieved Matter . | . . . . Retrieved Components . | . . . . Parts Scanalyzed . | . . . . Part Schematics Acquired . | . . . . Parts Damaged . | . . . . Bothacking | -11 -10 -9 -9 ------------ Run | Yrd Mat Mat Min Used RIF Installer . | . . . . Robots Hacked . | . . . . Non-combat . | . . . . Combat . | . . . . Robot Hacks Applied . | . . . . Relay Couplers Released . | . . . . Fabnet Peak Effective % . | . . . . Robots Rewired . | . . . . Allies Hacked . | . . . . Hacks Repelled . | . . . . Allies | -11 -10 -9 -9 -------- Run | Yrd Mat Mat Min Total Allies . | . . . . Largest Group . | . . . . Highest-Rated Group . | . . . . Highest-Rated Ally . | . . . . Total Orders . | . . . . Ally Attacks . | . . . . Total Damage . | . . . . Kills . | . . . . Allies Corrupted . | . . . . Allies Melted . | . . . . Intel | -11 -10 -9 -9 ------- Run | Yrd Mat Mat Min Active Infowar (turns) 178 | . . 31 147 Optics 178 | . . 31 147 Robot Analysis Total . | . . . . Derelict Logs Recovered . | . . . . Drone Launches . | . . . . Drone Recoveries . | . . . . Exploration | -11 -10 -9 -9 ------------- Run | Yrd Mat Mat Min Turns Passed 1025 | 71 319 488 147 Spaces Moved 473 | 47 166 188 72 Core 15 | 15 . . . Treads 458 | 32 166 188 72 Legs . | . . . . Wheels . | . . . . Hover . | . . . . Flight . | . . . . Fastest Speed 50 | 50 160 160 160 Average Speed 156 | 124 160 160 160 Slowest Speed 240 | 160 160 240 160 Overloaded Moves . | . . . . Propulsion Burnouts . | . . . . Robots Hopped . | . . . . Potential Cave-ins . | . . . . Cave-ins Triggered . | . . . . Exploration Rate (%) 18 | 4 33 16 22 Regions Visited 3 Branch Regions 1 Pre-discovered Areas . | . . . . Known Exits Taken . | . . . . Unknown Exits Taken 3 | 1 1 1 . Scrap Searched . | . . . . Spaces Dug . | . . . . Terrain Destroyed 48 | . . . 48 Melee . | . . . . Projectile . | . . . . AOE 48 | . . . 48 Terrain Rammed . | . . . . Walls Destroyed . | . . . . Machines Disabled . | . . . . Actions | -11 -10 -9 -9 --------- Run | Yrd Mat Mat Min Total 646 | 59 207 295 85 Wait 66 | . 18 48 . Move 470 | 46 165 187 72 Hop . | . . . . Pick Up 24 | 7 9 8 . Fast Attach . | . . . . Attach 16 | 6 4 4 2 Detach . | . . . . Swap 6 | . 1 4 1 Drop 5 | . 1 4 . Fire 59 | . 9 40 10 Melee . | . . . . Ram . | . . . . Kick . | . . . . Crush . | . . . . Escape Stasis . | . . . . Rewire . | . . . . Trap . | . . . . Miscellaneous . | . . . . Route ------- -11/Scrapyard -10/Materials -9/Materials -9/Mines History --------- Turn | Location | Event 5 | -11/Scrapyard | Discovered new exit (range 16) 72 | -11/Scrapyard | Entered Materials 300 | -10/Materials | Build established: Mutant 385 | -10/Materials | Discovered new exit (range 3) 391 | -10/Materials | Entered another Materials area 391 | -9/Materials | Evolved 2 slots: Utility x2 839 | -9/Materials | Discovered new exit (range 8) 879 | -9/Materials | Entered Mines 988 | -9/Mines | Assembled infested the area 1018 | -9/Mines | Core integrity fell below 50% 1026 | -9/Mines | Core integrity fell below 20% 1026 | -9/Mines | Self-destructed Last Messages --------------- 01011_ as-55892 destroyed. 01012_ Ion Engine destroyed. 01012_ U-05 Engineer lays Concrete. 01014_ as-89743 destroyed. 01014_ Destroyed Asb. Hover Unit. 01014_ as-86096 destroyed. 01014_ as-16727 destroyed. 01015_ ALERT: Construction progress impeded, dispatching reinforcements to local area. 01016_ Grenade Launcher destroyed. 01018_ Hvy. Assault Rifle destroyed. 01019_ The unstable cave ceiling collapses. 01020_ Lgt. Treads destroyed. 01020_ U-05 Engineer destroyed. 01023_ C-30 ARC bursts open, deploying its payload. 01023_ D-53 Grenadier unfolds itself. 01023_ Beam Cannon destroyed. 01025_ Med. Laser destroyed. 01026_ The unstable cave ceiling collapses. 01026_ as-54237 destroyed. Map ----- +----------------------------------------------------+ | ?????????????????????????????????????????????? | | ?????????????????????????????????????????????? | | ?????????????????????????????????????????????? | | ?????????????????????????????????????????????? | | ?????????????????????????????????????????????? | | ?????????????????????????????????????????????? | | ?????????????????????????????????????????????? | | ?????????????????????????????????????????????? | | ?????????????????????????????????????????????? | | ?????????????????????????????????????????????? | | ?????????????????????????????????????????????? | | ?????????????????????????????????????????????? | | ?????????????????????????????????????????????? | | ?????????????????????????????????????????????? | | ?????????????????????????????????????????????? | | ?????????????????????????????????????????????? | | ?????????????????????????????????????????????? | | ?????????????????????????????????????????????? | | ??#?????????????????????????????????###??????? | | ??# ??????###????????###?????????? ???????? | | ??# ####??# ????????# ????????? ?????????? | | ??? #??# #????????# #??????? ??? ???? | | ????# #??# #????????# ####### ?? ???? | | ???## #### #?#####??# # # # #??? | | #### ## ### #### a !a a #??? | | # % d r @a a= #??? | | dr a aa a #??? | | ##### # # #??? | | ### ###???# # #???????? | | ??##### ##?????########? #???????? | | ??????## ##????????????????? ## #???????? | | ???????## ##???????????????????#??????????? | | ????????## ##???????????????????????????????? | | ?????????####????????????????????????????????? | | ?????????????????????????????????????????????? | | ?????????????????????????????????????????????? | | | | | | | | | | | | | | | | | | | | | | | | | | | | | +----------------------------------------------------+ Best States ------------- Heat Dissipation 28 Energy Generation 10 Energy Capacity 250 Matter Stores 300 Matter Capacity 300 Sight Range 18 Terrain Scan Density 10 Armor Coverage 150 Evasion (%) 50 Targeting Accuracy 5 Recoil Reduction 2 Item Schematics ----------------- None Robot Schematics ------------------ None Fabricated ------------ Nothing Repaired ---------- Nothing Alien Tech Used ----------------- None Achievements -------------- None Challenges ------------ None Game ------ Seed DisintegrationDynamicBeam Manual? 0 Play Time 00:07:54 Cumulative 30.0 hours Start 2025.07.02 @ 06:45:06 End 2025.07.02 @ 06:51:48 Sessions 1 Manual Loads 0 Difficulty Rogue Special Mode None Game No. 168 Rogue 168 Adventurer 0 Explorer 0 Win Type - Total 0 Types 0/0/0/0/0/0/0/0/0/0 Lore% 7 Gallery% 23 Achievement% 19 Wizard Run 0 Options --------- Layout 0 ASCII 0 Keyboard 0 Movement Arrows Keybinds 0 Fullscreen 2 Font 24/Cog Map View 76x50 Zoom Use 0% Tactical HUD 1 Map Filters NONE Filters NONE Steam 1 RUN: e8996a6d-3771-4d75-9026-1c08c40d51c3